TOP OF THE 1ST |
Los Angeles Dodgers batting - Pitching for San Diego Padres : RHP German Marquez
|
Pitching: RHP German Marquez
|
|
Batting: RHB Jose Peraza
|
0-0: Ball 1-0: Called Strike 1-1: Called Strike 1-2: Strikes out swinging
|
Batting: RHB Mookie Betts
|
0-0: Ball 1-0: Ball 2-0: Ball 3-0: Called Strike 3-1: Called Strike 3-2: Strikes out swinging
|
Batting: RHB Jonathan Schoop
|
0-0: Ball 1-0: Ball 2-0: Ball 3-0: Called Strike 3-1: DOUBLE (Flyball, 8RXD, EV 106.3 MPH)
|
Batting: LHB Brian Goodwin
|
0-0: Called Strike 0-1: Ball 1-1: Foul Ball, location: 2F 1-2: Ball 2-2: Ground out 6-3 (Groundball, 6, EV 79.4 MPH)
|
Top of the 1st over - 0 runs, 1 hit, 0 errors, 1 left on base; Los Angeles 0 - San Diego 0 |
BOTTOM OF THE 1ST |
San Diego Padres batting - Pitching for Los Angeles Dodgers : RHP Jeff Samardzija
|
Pitching: RHP Jeff Samardzija
|
|
Batting: SHB Carlos Santana
|
0-0: Called Strike 0-1: Ball 1-1: Fly out, F9 (Flyball, 89M, EV 93.8 MPH)
|
Batting: RHB Jose Altuve
|
0-0: Called Strike 0-1: Ball 1-1: DOUBLE (Line Drive, 9LM, EV 109.4 MPH)
|
Batting: RHB Mitch Haniger
|
0-0: Swinging Strike 0-1: Ball 1-1: Ground out 1-3 (Groundball, 13, EV 70.6 MPH) Jose Altuve to third
|
Batting: RHB Hunter Renfroe
|
0-0: Ball 1-0: Ball 2-0: Fly out, F8 (Flyball, 8LS, EV 91.3 MPH)
|
Bottom of the 1st over - 0 runs, 1 hit, 0 errors, 1 left on base; Los Angeles 0 - San Diego 0 |
TOP OF THE 2ND |
Los Angeles Dodgers batting - Pitching for San Diego Padres : RHP German Marquez
|
Batting: RHB Josh Donaldson
|
0-0: Ball 1-0: Foul Ball, location: 2F 1-1: Swinging Strike 1-2: Ball 2-2: Ball 3-2: Fly out, F7 (Flyball, 7S, EV 94.4 MPH)
|
Batting: RHB Randal Grichuk
|
0-0: Called Strike 0-1: Called Strike 0-2: SOLO HOME RUN (Flyball, 78XD, EV 98.1 MPH), Distance : 421 ft
|
Batting: SHB Justin Smoak
|
0-0: Called Strike 0-1: Ball 1-1: Fly out, F5 (Popup, 56S, EV 73.1 MPH)
|
Batting: RHB Evan Gattis
|
0-0: Ground out 6-3 (Groundball, 6, EV 91.3 MPH)
|
Top of the 2nd over - 1 run, 1 hit, 0 errors, 0 left on base; Los Angeles 1 - San Diego 0 |
BOTTOM OF THE 2ND |
San Diego Padres batting - Pitching for Los Angeles Dodgers : RHP Jeff Samardzija
|
Batting: SHB Johan Camargo
|
0-0: Ball 1-0: Called Strike 1-1: DOUBLE (Line Drive, 89M, EV 106.3 MPH)
|
Batting: RHB Lorenzo Cain
|
0-0: Ball 1-0: Foul Ball, location: 2F 1-1: Fly out, F8 (Flyball, 8LS, EV 91.9 MPH)
|
Batting: RHB Yadier Molina
|
0-0: Ball 1-0: Ball 2-0: Foul Ball, location: 2F 2-1: Swinging Strike 2-2: Foul Ball, location: 2F 2-2: Strikes out looking
|
Batting: RHB German Marquez
|
0-0: Foul Ball, location: 2F 0-1: Foul Ball, location: 2F 0-2: Foul Ball, location: 2F 0-2: Ground out 6-3 (Groundball, 6, EV 103.1 MPH)
|
Bottom of the 2nd over - 0 runs, 1 hit, 0 errors, 1 left on base; Los Angeles 1 - San Diego 0 |
TOP OF THE 3RD |
Los Angeles Dodgers batting - Pitching for San Diego Padres : RHP German Marquez
|
Batting: RHB Jeff Samardzija
|
0-0: Foul Ball, location: 2F 0-1: Foul Ball, location: 2F 0-2: Foul Ball, location: 2F 0-2: Ball 1-2: Fly out, F7 (Flyball, 7S, EV 88.8 MPH)
|
Batting: RHB Jose Peraza
|
0-0: Ball 1-0: Foul Ball, location: 2F 1-1: Ground out 4-3 (Groundball, 4, EV 99.4 MPH)
|
Batting: RHB Mookie Betts
|
0-0: Called Strike 0-1: Called Strike 0-2: Ball 1-2: Foul Ball, location: 2F 1-2: Foul Ball, location: 2F 1-2: Ball 2-2: Ball 3-2: SINGLE (Flyball, 7S, EV 91.9 MPH)
|
Batting: RHB Jonathan Schoop
|
0-0: Ball 1-0: Hit by Pitch Mookie Betts to second
|
Batting: LHB Brian Goodwin
|
0-0: Ball 1-0: Called Strike 1-1: Swinging Strike 1-2: Ball 2-2: Ball 3-2: Strikes out looking
|
Top of the 3rd over - 0 runs, 1 hit, 0 errors, 2 left on base; Los Angeles 1 - San Diego 0 |
BOTTOM OF THE 3RD |
San Diego Padres batting - Pitching for Los Angeles Dodgers : RHP Jeff Samardzija
|
Batting: RHB Amed Rosario
|
0-0: Called Strike 0-1: Swinging Strike 0-2: Ground out 1-3 (Groundball, 34S, EV 78.8 MPH)
|
Batting: SHB Carlos Santana
|
0-0: Called Strike 0-1: Ball 1-1: Fly out, F9 (Flyball, 89XD, EV 104.4 MPH)
|
Batting: RHB Jose Altuve
|
0-0: Ball 1-0: Ground out 6-3 (Groundball, 6, EV 88.8 MPH)
|
Bottom of the 3rd over - 0 runs, 0 hits, 0 errors, 0 left on base; Los Angeles 1 - San Diego 0 |
TOP OF THE 4TH |
Los Angeles Dodgers batting - Pitching for San Diego Padres : RHP German Marquez
|
Batting: RHB Josh Donaldson
|
0-0: Ball 1-0: Ball 2-0: Called Strike 2-1: Foul Ball, location: 2F 2-2: Ball 3-2: Foul Ball, location: 2F 3-2: Base on Balls
|
Batting: RHB Randal Grichuk
|
0-0: Called Strike 0-1: Called Strike 0-2: SINGLE (Groundball, 56D, EV 104.4 MPH) Josh Donaldson to second
|
Batting: SHB Justin Smoak
|
0-0: Swinging Strike 0-1: Swinging Strike 0-2: Ball 1-2: Foul Ball, location: 2F 1-2: Ball 2-2: Ball 3-2: Foul Ball, location: 2F 3-2: Strikes out looking
|
Batting: RHB Evan Gattis
|
0-0: Called Strike 0-1: Ball 1-1: Ball 2-1: Foul Ball, location: 2F 2-2: Strikes out swinging
|
Batting: RHB Jeff Samardzija
|
0-0: Called Strike 0-1: Fielders Choice at 2nd, 6-4 (Groundball, 6, EV 85.6 MPH)
|
Top of the 4th over - 0 runs, 1 hit, 0 errors, 2 left on base; Los Angeles 1 - San Diego 0 |
BOTTOM OF THE 4TH |
San Diego Padres batting - Pitching for Los Angeles Dodgers : RHP Jeff Samardzija
|
Batting: RHB Mitch Haniger
|
0-0: Ball 1-0: Ground out 5-3 (Groundball, 56S, EV 90.0 MPH)
|
Batting: RHB Hunter Renfroe
|
0-0: Called Strike 0-1: Ball 1-1: Called Strike 1-2: Ground out 5-3 (Groundball, 56, EV 83.8 MPH)
|
Batting: SHB Johan Camargo
|
0-0: Called Strike 0-1: Called Strike 0-2: Strikes out looking
|
Bottom of the 4th over - 0 runs, 0 hits, 0 errors, 0 left on base; Los Angeles 1 - San Diego 0 |
TOP OF THE 5TH |
Los Angeles Dodgers batting - Pitching for San Diego Padres : RHP German Marquez
|
Batting: RHB Jose Peraza
|
0-0: Called Strike 0-1: Foul Ball, location: 2F 0-2: Ball 1-2: SINGLE (Line Drive, 8LS, EV 108.1 MPH)
|
Batting: RHB Mookie Betts
|
0-0: Ball 1-0: Called Strike 1-1: Swinging Strike 1-2: Strikes out swinging
|
Batting: RHB Jonathan Schoop
|
0-0: Foul Ball, location: 2F 0-1: Fly out, F7 (Flyball, 7LMF, EV 96.9 MPH)
|
Batting: LHB Brian Goodwin
|
0-0: Ball 1-0: Fielders Choice at 2nd, 5-4 (Groundball, 56, EV 92.5 MPH)
|
Top of the 5th over - 0 runs, 1 hit, 0 errors, 1 left on base; Los Angeles 1 - San Diego 0 |
BOTTOM OF THE 5TH |
San Diego Padres batting - Pitching for Los Angeles Dodgers : RHP Jeff Samardzija
|
Batting: RHB Lorenzo Cain
|
0-0: Ball 1-0: Called Strike 1-1: Ball 2-1: Ball 3-1: Foul Ball, location: 2F 3-2: Ground out 4-3 (Groundball, 34, EV 110.0 MPH)
|
Batting: RHB Yadier Molina
|
0-0: Called Strike 0-1: SINGLE (Groundball, 6MD, EV 109.4 MPH)
|
Pinch Hitting: RHB Adam Duvall
|
0-0: Ball 1-0: Ball 2-0: Ball 3-0: Called Strike 3-1: Called Strike 3-2: Base on Balls Yadier Molina to second
|
Batting: RHB Amed Rosario
|
0-0: Called Strike 0-1: Foul Ball, location: 2F 0-2: Grounds into double play, 4-6-3 (Groundball, 4, EV 90.0 MPH)
|
Bottom of the 5th over - 0 runs, 1 hit, 0 errors, 1 left on base; Los Angeles 1 - San Diego 0 |
TOP OF THE 6TH |
Los Angeles Dodgers batting - Pitching for San Diego Padres : RHP German Marquez
|
Pitching: RHP Luis A. Garcia
|
|
Batting: RHB Josh Donaldson
|
0-0: Ball 1-0: Ball 2-0: Ball 3-0: Called Strike 3-1: Base on Balls
|
Batting: RHB Randal Grichuk
|
0-0: Ball 1-0: Called Strike 1-1: Swinging Strike 1-2: Ball 2-2: Ball 3-2: Fielders Choice at 2nd, 6-4 (Groundball, 6D, EV 108.1 MPH)
|
Batting: SHB Justin Smoak
|
0-0: Ball 1-0: Swinging Strike 1-1: Swinging Strike 1-2: SINGLE (Line Drive, 9S, EV 103.8 MPH) Randal Grichuk to second
|
Batting: RHB Evan Gattis
|
0-0: Ball 1-0: Called Strike 1-1: Fly out, F7 (Flyball, 7, EV 96.9 MPH)
|
Batting: RHB Jeff Samardzija
|
0-0: Ball 1-0: Ball 2-0: Foul Ball, location: 2F 2-1: Ball Balk! Randal Grichuk to third Justin Smoak to second 3-1: Base on Balls
|
Batting: RHB Jose Peraza
|
0-0: Ball 1-0: Called Strike 1-1: Ball 2-1: Fly out, F7 (Line Drive, 7D, EV 95.6 MPH)
|
Top of the 6th over - 0 runs, 1 hit, 0 errors, 3 left on base; Los Angeles 1 - San Diego 0 |
BOTTOM OF THE 6TH |
San Diego Padres batting - Pitching for Los Angeles Dodgers : RHP Jeff Samardzija
|
Batting: SHB Carlos Santana
|
0-0: Ball 1-0: Called Strike 1-1: Swinging Strike 1-2: Ball 2-2: SOLO HOME RUN (Flyball, 89XD, EV 91.9 MPH), Distance : 444 ft
|
Batting: RHB Jose Altuve
|
0-0: Swinging Strike 0-1: Fly out, F7 (Flyball, 7, EV 93.8 MPH)
|
Batting: RHB Mitch Haniger
|
0-0: Ball 1-0: Ball 2-0: Called Strike 2-1: Fly out, F9 (Flyball, 89M, EV 84.4 MPH)
|
Batting: RHB Hunter Renfroe
|
0-0: Foul Ball, location: 2F 0-1: Called Strike 0-2: Ball 1-2: Strikes out looking
|
Bottom of the 6th over - 1 run, 1 hit, 0 errors, 0 left on base; Los Angeles 1 - San Diego 1 |
TOP OF THE 7TH |
Los Angeles Dodgers batting - Pitching for San Diego Padres : RHP Luis A. Garcia
|
Pitching: LHP Scott Alexander
|
|
Batting: RHB Mookie Betts
|
0-0: Reached on error, E4 (Groundball, 4S, EV 78.8 MPH)
|
Batting: RHB Jonathan Schoop
|
0-0: Swinging Strike 0-1: Foul Ball, location: 2F 0-2: Ball 1-2: DOUBLE (Line Drive, 7LS, EV 93.8 MPH) Mookie Betts scores
|
Batting: LHB Brian Goodwin
|
0-0: Called Strike 0-1: Ball 1-1: Ball 2-1: Foul Ball, location: 2F 2-2: Ball 3-2: Foul Ball, location: 2F 3-2: Foul Ball, location: 2F 3-2: Foul Ball, location: 2F 3-2: Fly out, F7 (Flyball, 7, EV 95.0 MPH)
|
Batting: RHB Josh Donaldson
|
0-0: Intentional Walk
|
Batting: RHB Randal Grichuk
|
0-0: Called Strike 0-1: Fielders Choice at 2nd, 4-6 (Groundball, 4, EV 87.5 MPH) Jonathan Schoop to third
|
Batting: SHB Justin Smoak
|
0-0: Ball 1-0: Called Strike 1-1: Swinging Strike 1-2: Strikes out looking
|
Top of the 7th over - 1 run, 1 hit, 1 error, 2 left on base; Los Angeles 2 - San Diego 1 |
BOTTOM OF THE 7TH |
San Diego Padres batting - Pitching for Los Angeles Dodgers : RHP Jeff Samardzija
|
Batting: SHB Johan Camargo
|
0-0: Ball 1-0: Called Strike 1-1: Ball 2-1: Ground out 3-1 (Groundball, 34, EV 83.8 MPH)
|
Batting: RHB Lorenzo Cain
|
0-0: Called Strike 0-1: Foul Ball, location: 2F 0-2: Ball 1-2: Foul Ball, location: 2F 1-2: Ball 2-2: Foul Ball, location: 2F 2-2: Strikes out swinging
|
Batting: RHB Yadier Molina
|
0-0: Ball 1-0: Fly out, F6 (Flyball, 56D, EV 89.4 MPH)
|
Bottom of the 7th over - 0 runs, 0 hits, 0 errors, 0 left on base; Los Angeles 2 - San Diego 1 |
TOP OF THE 8TH |
Los Angeles Dodgers batting - Pitching for San Diego Padres : LHP Scott Alexander
|
Pitching: RHP Archie Bradley
|
|
Batting: RHB Evan Gattis
|
0-0: Ground out 6-3 (Groundball, 6, EV 79.4 MPH)
|
Pinch Hitting: LHB Brett Gardner
|
0-0: Ball 1-0: Called Strike 1-1: Called Strike 1-2: Strikes out swinging
|
Batting: RHB Jose Peraza
|
0-0: DOUBLE (Line Drive, 7LS, EV 108.1 MPH)
|
Batting: RHB Mookie Betts
|
0-0: Ball 1-0: Ball 2-0: Foul Ball, location: 2F 2-1: Ball 3-1: Fly out, F7 (Flyball, 7, EV 87.5 MPH)
|
Top of the 8th over - 0 runs, 1 hit, 0 errors, 1 left on base; Los Angeles 2 - San Diego 1 |
BOTTOM OF THE 8TH |
San Diego Padres batting - Pitching for Los Angeles Dodgers : RHP Jeff Samardzija
|
Pitching: RHP Scott Oberg
|
|
Pinch Hitting: LHB Brad Miller
|
0-0: Ball 1-0: Foul Ball, location: 2F 1-1: Ball 2-1: Ball 3-1: Foul Ball, location: 2F 3-2: Ground out 6-3 (Groundball, 4M, EV 85.0 MPH)
|
Batting: RHB Amed Rosario
|
0-0: Called Strike 0-1: Ball 1-1: Fly out, F8 (Flyball, 8LM, EV 90.0 MPH)
|
Batting: SHB Carlos Santana
|
0-0: Ball 1-0: Ball 2-0: Foul Ball, location: 2F 2-1: Foul Ball, location: 2F 2-2: Strikes out swinging
|
Bottom of the 8th over - 0 runs, 0 hits, 0 errors, 0 left on base; Los Angeles 2 - San Diego 1 |
TOP OF THE 9TH |
Los Angeles Dodgers batting - Pitching for San Diego Padres : RHP Archie Bradley
|
Pitching: RHP Cam Bedrosian
|
|
Batting: RHB Jonathan Schoop
|
0-0: Ball 1-0: Ball 2-0: Called Strike 2-1: Called Strike 2-2: Strikes out swinging wild pitch, reaches first!
|
Batting: LHB Brian Goodwin
|
0-0: Called Strike 0-1: Foul Ball, location: 2F 0-2: Ball 1-2: Strikes out looking
|
Batting: RHB Josh Donaldson
|
0-0: Ball 1-0: Swinging Strike 1-1: Foul Ball, location: 2F 1-2: Strikes out swinging
|
Batting: RHB Randal Grichuk
|
0-0: Called Strike 0-1: Foul Ball, location: 2F 0-2: Foul Ball, location: 2F 0-2: Ball 1-2: Strikes out swinging
|
Top of the 9th over - 0 runs, 0 hits, 0 errors, 1 left on base; Los Angeles 2 - San Diego 1 |
BOTTOM OF THE 9TH |
San Diego Padres batting - Pitching for Los Angeles Dodgers : RHP Scott Oberg
|
Pitching: RHP Cody Allen
|
|
Now in CF: Franchy Cordero
|
|
Batting: RHB Jose Altuve
|
0-0: Swinging Strike 0-1: Called Strike 0-2: Ball 1-2: Ball 2-2: Ball 3-2: Strikes out swinging
|
Batting: RHB Mitch Haniger
|
0-0: Ball 1-0: Ball 2-0: Called Strike 2-1: Fly out, F8 (Flyball, 8RD, EV 93.1 MPH)
|
Batting: RHB Hunter Renfroe
|
0-0: Swinging Strike 0-1: Ball 1-1: Ball 2-1: Ball 3-1: SOLO HOME RUN (Line Drive, 9LD, EV 95.6 MPH), Distance : 339 ft
|
Batting: SHB Johan Camargo
|
0-0: Called Strike 0-1: Foul Ball, location: 2F 0-2: Ball 1-2: Strikes out looking
|
Bottom of the 9th over - 1 run, 1 hit, 0 errors, 0 left on base; Los Angeles 2 - San Diego 2 |
TOP OF THE 10TH |
Los Angeles Dodgers batting - Pitching for San Diego Padres : RHP Cam Bedrosian
|
Pitching: LHP A.J. Minter
|
|
Now in LF: Jose Pirela
|
|
Batting: SHB Justin Smoak
|
0-0: Ball 1-0: Fly out, F7 (Flyball, 7, EV 91.3 MPH)
|
Batting: RHB Evan Gattis
|
0-0: Foul Ball, location: 2F 0-1: DOUBLE (Flyball, 78D, EV 96.9 MPH)
|
Batting: LHB Franchy Cordero
|
0-0: Ball 1-0: Swinging Strike 1-1: Ball 2-1: Swinging Strike 2-2: Strikes out swinging
|
Batting: RHB Jose Peraza
|
0-0: Ball 1-0: Ball 2-0: Called Strike 2-1: Foul Ball, location: 2F 2-2: Strikes out swinging
|
Top of the 10th over - 0 runs, 1 hit, 0 errors, 1 left on base; Los Angeles 2 - San Diego 2 |
BOTTOM OF THE 10TH |
San Diego Padres batting - Pitching for Los Angeles Dodgers : RHP Cody Allen
|
Pitching: RHP Jacob Barnes
|
|
Batting: RHB Lorenzo Cain
|
0-0: Ball 1-0: Called Strike 1-1: Foul Ball, location: 2F 1-2: Ball 2-2: Foul Ball, location: 2F 2-2: Ball 3-2: Base on Balls
|
Batting: RHB Yadier Molina
|
0-0: Called Strike Lorenzo Cain steals 2nd base 0-1: Ball 1-1: SINGLE (Groundball, 6D, EV 104.4 MPH) Lorenzo Cain to third
|
Batting: RHB Jose Pirela
|
0-0: Foul Ball, location: 2F 0-1: Foul Ball, location: 2F 0-2: Strikes out looking
|
Batting: RHB Amed Rosario
|
0-0: Fly out, F6 (Line Drive, 6, EV 73.1 MPH)
|
Batting: SHB Carlos Santana
|
0-0: Called Strike 0-1: Ground out 1-3 (Groundball, P, EV 64.4 MPH)
|
Bottom of the 10th over - 0 runs, 1 hit, 0 errors, 2 left on base; Los Angeles 2 - San Diego 2 |
TOP OF THE 11TH |
Los Angeles Dodgers batting - Pitching for San Diego Padres : LHP A.J. Minter
|
Pitching: RHP Jose Leclerc
|
|
Now in LF: Dwight Smith Jr.
|
|
Batting: RHB Mookie Betts
|
0-0: Called Strike 0-1: Swinging Strike 0-2: Foul Ball, location: 2F 0-2: Ball 1-2: Ball 2-2: Ball 3-2: Strikes out swinging
|
Batting: RHB Jonathan Schoop
|
0-0: Swinging Strike 0-1: Ball 1-1: Foul Ball, location: 2F 1-2: Strikes out looking
|
Batting: LHB Brian Goodwin
|
0-0: Called Strike 0-1: Ball 1-1: Foul Ball, location: 2F 1-2: Fly out, F7 (Flyball, 7S, EV 80.0 MPH)
|
Top of the 11th over - 0 runs, 0 hits, 0 errors, 0 left on base; Los Angeles 2 - San Diego 2 |
BOTTOM OF THE 11TH |
San Diego Padres batting - Pitching for Los Angeles Dodgers : RHP Jacob Barnes
|
Batting: RHB Jose Altuve
|
0-0: Called Strike 0-1: Called Strike 0-2: Ball 1-2: SINGLE (Groundball, 6D, EV 95.6 MPH)
|
Batting: RHB Mitch Haniger
|
0-0: Ball 1-0: Ball 2-0: Called Strike 2-1: Foul Ball, location: 2F 2-2: Foul Ball, location: 2F 2-2: Ball 3-2: Foul Ball, location: 2F 3-2: Base on Balls Jose Altuve to second
|
Pitching: RHP Phil Maton
|
|
Batting: LHB Dwight Smith Jr.
|
0-0: Ball 1-0: Ball 2-0: Ball Wild Pitch! Jose Altuve to third Mitch Haniger to second 3-0: Called Strike 3-1: Base on Balls
|
Batting: SHB Johan Camargo
|
0-0: Called Strike 0-1: Fly out, F8 (Flyball, 89D, EV 100.0 MPH) Runner from 3rd tags up, SCORES, throw by CF
|
|
Thursday, January 2nd, 2020 - OOTP Baseball 20.8 Build 73
|
|